 Dungeon Crawl Stone Soup version 0.21-a0-404-g291f19a (webtiles) character file.

79 Ushi the Firebug (level 4, -1/32 HPs)
             Began as a Human Fire Elementalist on Oct 28, 2017.
             Slain by an adder (2 damage)
             ... on level 2 of the Dungeon.
             The game lasted 00:14:13 (1595 turns).

Ushi the Firebug (Human Fire Elementalist)          Turns: 1595, Time: 00:14:14

Health: -1/32      AC:  2    Str:  9    XL:     4   Next: 62%
Magic:  0/7        EV: 12    Int: 16    God:
Gold:   94         SH:  0    Dex: 13    Spells: 2/8 levels left

rFire    . . .     SeeInvis .   g - +2 falchion (elec)
rCold    . . .     Gourm    .   (no shield)
rNeg     . . .     Faith    .   a - +0 robe
rPois    .         Spirit   .   (no helmet)
rElec    .         Reflect  .   (no cloak)
rCorr    .         Harm     .   (no gloves)
MR       .....                  (no boots)
Stlth    ++........             (no amulet)
HPRegen  0.10/turn              (no ring)
MPRegen  0.10/turn              (no ring)

@: lethally poisoned (-1 -> -13)
A: no striking features
a: no special abilities


You were on level 2 of the Dungeon.
You were not hungry.

You visited 1 branch of the dungeon, and saw 2 of its levels.

You collected 94 gold pieces.

Inventory:

Hand Weapons
 g - a +2 falchion of electrocution (weapon)
Armour
 a - a +0 robe (worn)
Wands
 p - a wand of polymorph (15/24)
Scrolls
 d - a scroll of fog {unknown}
 f - a scroll of teleportation {unknown}
 h - a scroll of blinking {unknown}
 k - a scroll of recharging {unknown}
 l - 3 scrolls of amnesia {unknown}
 m - 2 scrolls of remove curse {unknown}
Potions
 e - a potion of magic {unknown}
 i - a potion of cancellation {unknown}
 j - a potion of might {unknown}
 n - 2 potions of agility {unknown}
 o - a potion of lignification {unknown}
Books
 b - a book of Flames

   Spells                             Type                      Level
   a - Flame Tongue                   Conjuration/Fire             1
   b - Throw Flame                    Conjuration/Fire             2
   c - Conjure Flame                  Conjuration/Fire             3
   d - Inner Flame                    Hexes/Fire                   3
   e - Sticky Flame                   Conjuration/Fire             4
   f - Fireball                       Conjuration/Fire             5
Comestibles
 c - a bread ration
 q - a royal jelly
 r - a fruit
 s - a chunk of flesh


   Skills:
 * Level 1.3 Fighting
 + Level 1.0 Long Blades
 + Level 2.1 Dodging
 + Level 2.0 Stealth
 + Level 2.5 Spellcasting
 - Level 1.0 Conjurations
 * Level 4.0 Fire Magic


You had 2 spell levels left.
You knew the following spells:

 Your Spells              Type           Power        Failure   Level  Hunger
a - Flame Tongue          Conj/Fire      ##...        7%          1    #......
b - Throw Flame           Conj/Fire      ##....       11%         2    ##.....
c - Conjure Flame         Conj/Fire      ##......     21%         3    ###....


Dungeon Overview and Level Annotations

Branches:
Dungeon (2/15)

Altars:
Okawaru


Message History

You are lethally poisoned!
The adder poisons you!
Casting: Flame Tongue
Confirm with . or Enter, or press ? or * to list all spells.
Aiming: Flame Tongue
Press: ? - help, Shift-Dir - straight line, f/p - adder
Aim: an adder (lightly wounded)
The flame tongue hits the adder.
The adder is severely wounded.
* * * LOW HITPOINT WARNING * * *
You feel sick. The adder bites you.
* * * LOW HITPOINT WARNING * * *
You are more poisoned.
The adder poisons you!
* * * LOW HITPOINT WARNING * * *
You feel sick.
A jackal comes into view.
* * * LOW HITPOINT WARNING * * *
You feel sick.
The jackal moves out of view.
The adder bites you.
You die...

# #.. #.# #.# #.#
#.# #.# #.# #
#@######..#
#.S.......#
##...####.# #.....#
#...#.# #####.#
####### ##.##
.......
#######...#..#######
#...................


You could see an adder.

Vanquished Creatures
  2 adders (D:2)
  A worm (D:2)
  3 leopard geckos
  A giant cockroach (D:1)
  7 goblins
  7 hobgoblins
  7 jackals (D:1)
  4 kobolds
  2 ball pythons (D:2)
  7 bats
  A frilled lizard (D:2)
  8 rats
50 creatures vanquished.

Notes
Turn   | Place    | Note
-------+----------+-------------------------------------------
     0 | D:1      | Ushi the Human Fire Elementalist began the quest for the Orb.
     0 | D:1      | Reached XP level 1. HP: 13/13 MP: 3/3
    81 | D:1      | Reached XP level 2. HP: 19/19 MP: 0/5
   222 | D:1      | Found an iron altar of Okawaru.
   266 | D:1      | Learned a level 2 spell: Throw Flame
   361 | D:1      | Reached XP level 3. HP: 25/25 MP: 3/6
   511 | D:1      | Reached skill level 1 in Fighting
   648 | D:1      | Learned a level 3 spell: Conjure Flame
   939 | D:2      | Reached XP level 4. HP: 9/32 MP: 0/7
  1203 | D:2      | Reached skill level 1 in Long Blades
  1475 | D:2      | Reached skill level 4 in Fire Magic
  1595 | D:2      | HP: 1/32 [poisoned by an adder]
  1595 | D:2      | Slain by an adder

Vault maps used:
D:1:      shiori_arrival_oz, okawaru_ov_weapons_minmay
D:2:      grunt_ministairs_1, solitary_fountain

Skill      XL: |  1  2  3  4 |
---------------+-------------+-----
Fighting       | 1 |  1.3
Long Blades    | 1 |  1.0
Fire Magic     | 4 |  4.0
Dodging        | |  2.1
Stealth        | |  2.0
Spellcasting   | |  2.5
Conjurations   | |  1.0

Action                   |  1- 3 |  4- 6 || total
-------------------------+-------+-------++-------
Melee: Falchion          |    23 |    17 ||    40
 Cast: Flame Tongue      |    45 |    14 ||    59
       Throw Flame       |     8 |     8 ||    16
       Conjure Flame     |     1 |       ||     1
  Eat: Chunk             |     1 |     4 ||     5
Armor: Robe              |     4 |     1 ||     5
Dodge: Dodged            |    29 |    16 ||    45
       Rpst.: Falchion   |     7 |     6 ||    13

Table legend:
 A = Spawn XP
 B = Non-spawn XP
 C = Spawn XP percentage of total XP
 D = Spawn monster count
 E = Non-spawn monster count
 F = Spawn count percentage of total count
 G = Total turns spent on level
                    A         B        C        D         E        F      G
               +---------+---------+-------+---------+---------+-------+---------
         Total |       0 |     113 |   0.0 |       0 |      50 |   0.0 |  1595
               +---------+---------+-------+---------+---------+-------+---------
           D:1 |       0 |      61 |   0.0 |       0 |      34 |   0.0 |   900
           D:2 |       0 |      52 |   0.0 |       0 |      16 |   0.0 |   695
               +---------+---------+-------+---------+---------+-------+---------
